Map: Bel'Shir Vestige LE (Void)

Players

PuPu - Winner!

  • Race: Zerg Zerg
  • League: Grandmaster
  • Spawn Location: 11:00

Railgan

  • Race: Zerg Zerg
  • League: Grandmaster
  • Spawn Location: 5:00

VOD

Have the link to the VOD?

Description

Time

  • Played on: March 10, 2017, 8:34 a.m.
  • Length: 9:20
Show
View Real Time Build Order
Export as new Build Order

PuPu Zerg - Winner!

Build Orders: Hatch First 

Get SALT Encoding   

  12  0:00  Drone  
  13  0:08  Drone  
  14  0:17  Overlord  
  14  0:23  Extractor, Drone  
  15  0:35  Drone  
  15  0:36  Drone  
  17  0:52  Hatchery  
  17  0:54  Drone  
  17  0:57  Drone  
  17  1:01  Extractor  
  17  1:07  Drone  
  18  1:16  Spawning Pool  
  17  1:18  Drone  
  18  1:27  Drone  
  19  1:38  Overlord  
  19  1:54  Drone  
  20  2:02  Queen  
  20  2:03  Metabolic Boost, Zergling x2  
  20  2:04  Queen  
  20  2:05  Drone  
  26  2:10  Drone  
  26  2:14  Drone  
  28  2:21  Drone  
  29  2:26  Drone  
  30  2:37  Drone  
  30  2:38  Hatchery  
  30  2:39  Drone  
  31  2:46  Baneling Nest  
  31  2:50  Overlord  
  29  3:05  Zergling x8  
  32  3:10  Zergling x2  
  34  3:14  Overlord  
  34  3:15  Zergling x6  
  34  3:18  Drone x2  
  40  3:27  Roach Warren, Drone x2  
  40  3:31  Drone  
  40  3:33  Evolution Chamber  
  41  3:39  Lair  
  42  3:41  Drone  
  40  3:54  Overlord  
  39  3:57  Drone x5  
  39  4:00  Zerg Missile Weapons Level 1  
  44  4:05  Queen  
  46  4:15  Overlord  
  46  4:17  Roach x2  
  50  4:19  Roach  
  50  4:21  Extractor  
  50  4:22  Extractor, Overlord  
  50  4:36  Roach x3, Zergling x6  
  56  4:49  Roach x2, Zergling x10  
  57  5:00  Roach, Zergling x2  
  57  5:01  Roach, Zergling x6  
  55  5:14  Overseer  
  55  5:15  Drone x4  
  55  5:16  Drone  
  60  5:21  Queen  
  60  5:22  Drone x2  
  60  5:27  Drone  
  65  5:29  Drone x2  
  67  5:35  Drone  
  68  5:43  Overlord  
  68  5:44  Roach x3  
  68  5:45  Roach  
  76  5:52  Roach x3  
  78  6:02  Zergling x6  
  78  6:03  Zergling x2  
  82  6:05  Nydus Network  
  82  6:10  Overlord x2  
  81  6:12  Roach, Zergling x2  
  81  6:17  Roach x2  
  88  6:20  Roach  
  90  6:29  Roach  
  90  6:30  Roach x3, Zergling x2  
  97  6:35  Roach x2, Zergling x2  
  97  6:37  Zergling x2  
  102  6:41  Roach  
  102  6:42  Roach  
  102  6:45  Overlord  
  106  6:50  Overseer  
  105  7:09  Overlord x3  
  105  7:15  Nydus Canal  
  105  7:27  Roach  
  105  7:28  Drone, Roach x9  
  105  7:29  Zergling x2  
  126  7:51  Overseer  
  118  7:56  Roach x2  
  118  7:57  Roach  
  108  8:12  Spine Crawler  
  103  8:13  Spine Crawler  
  103  8:14  Spine Crawler x2  
  103  8:15  Spine Crawler  
  93  8:21  Nydus Canal  
  73  8:27  Roach  
  73  8:28  Roach x2  
  77  8:43  Roach  
  77  8:44  Zergling x6  
  77  8:50  Extractor  
Show
View Real Time Build Order
Export as new Build Order

Railgan Zerg 

Build Orders: Hatch First, Lurkers 

Get SALT Encoding   

  12  0:02  Drone  
  13  0:13  Overlord  
  13  0:18  Drone  
  14  0:31  Drone x2  
  14  0:34  Drone  
  17  0:45  Drone  
  18  0:56  Hatchery  
  17  0:57  Drone  
  17  1:00  Extractor  
  17  1:13  Spawning Pool  
  17  1:16  Drone  
  17  1:18  Drone  
  18  1:30  Drone  
  19  1:43  Overlord  
  19  1:56  Drone  
  19  2:00  Baneling Nest, Queen  
  19  2:01  Zergling x2  
  22  2:08  Queen  
  22  2:09  Drone  
  22  2:13  Drone  
  26  2:19  Drone  
  27  2:23  Drone  
  29  2:30  Drone  
  29  2:33  Metabolic Boost  
  29  2:35  Drone  
  30  2:38  Queen  
  30  2:42  Overlord  
  32  2:47  Drone  
  33  2:54  Zergling x2  
  33  2:55  Drone  
  34  3:05  Drone  
  34  3:06  Drone  
  34  3:11  Drone x3  
  39  3:14  Drone  
  39  3:18  Lair  
  39  3:19  Overlord  
  40  3:21  Zergling x2  
  40  3:22  Zergling x2  
  40  3:24  Baneling  
  40  3:26  Drone  
  43  3:31  Baneling  
  43  3:32  Zergling x2  
  44  3:34  Overlord  
  44  3:37  Extractor  
  43  3:43  Baneling  
  42  3:49  Zergling x2  
  42  3:52  Zergling x10  
  49  3:55  Zergling x2  
  49  3:57  Zergling x2  
  49  3:58  Baneling  
  50  4:02  Overlord  
  50  4:03  Drone  
  50  4:06  Extractor  
  50  4:07  Drone  
  51  4:14  Drone  
  52  4:18  Drone  
  52  4:21  Drone  
  54  4:25  Hydralisk Den  
  54  4:26  Extractor, Drone  
  54  4:27  Drone x2  
  54  4:30  Drone  
  56  4:34  Drone  
  56  4:35  Drone x3  
  60  4:42  Drone  
  61  4:47  Drone  
  62  4:59  Drone x2  
  60  5:01  Drone  
  60  5:06  Lurker Den  
  59  5:10  Hydralisk x4  
  64  5:15  Hydralisk  
  64  5:17  Zergling x4  
  66  5:23  Hydralisk  
  66  5:25  Overlord  
  68  5:33  Overlord  
  68  5:36  Baneling x4  
  68  5:37  Hatchery  
  68  5:39  Zergling x2  
  68  5:42  Overlord  
  68  5:43  Overlord  
  68  5:47  Zergling x12  
  74  6:02  Hydralisk  
  74  6:03  Zergling x2  
  77  6:05  Hatchery  
  77  6:06  Zergling x6  
  77  6:09  Zergling x2  
  77  6:11  Overlord  
  80  6:16  Evolution Chamber x2, Drone  
  80  6:18  Roach Warren, Zergling x4  
  81  6:23  Zergling x2  
  81  6:30  Hatchery, Zergling x2  
  82  6:36  Muscular Augments  
  82  6:37  Lurker x2  
  82  6:38  Lurker x3  
  87  6:45  Zergling x2  
  87  6:46  Zergling x6  
  90  6:55  Zergling x8  
  90  6:57  Baneling x6  
  93  7:02  Zergling x4  
  93  7:07  Zergling x2  
  96  7:10  Drone  
  96  7:11  Overlord x2, Unknown  
  96  7:28  Zergling x10  
  101  7:33  Hydralisk  
  101  7:37  Hydralisk  
  101  7:38  Hydralisk x3  
  101  7:41  Hydralisk x2  
  101  7:46  Zergling x2  
  89  7:55  Hydralisk  
  62  7:58  Hydralisk  
  43  8:17  Zergling x2  
  43  8:19  Drone x3  
  25  8:49  Drone  
  25  8:50  Drone  
  25  9:01  Drone  
Tags
 
Add a new tag
Caveats
  • Supply blocks, unpowered buildings, or Contaminate may cause inaccurate times.
  • Supply counts are checked every 10 seconds.